 Dungeon Crawl Stone Soup version 0.18.1-1-g2f07953 (webtiles) character file.

70 Chiseanne the Ogre Mage (level 4, -2/39 HPs)
             Began as an Ogre Air Elementalist on May 7, 2016.
             Slain by a kobold
             ... wielding a +0 short sword
              (6 damage)
             ... on level 3 of the Dungeon.
             The game lasted 00:05:02 (2621 turns).

Chiseanne the Ogre Mage (Ogre Air Elementalist)     Turns: 2621, Time: 00:05:02

Health: -2/39      AC:  3    Str: 13    XL:     4   Next: 22%
Magic:  5/9        EV:  5    Int: 15    God:
Gold:   80         SH:  0    Dex: 10    Spells: 4 memorised, 2 levels left

rFire  . . .     SeeInvis .     w - +0 hunting sling
rCold  . . .     Gourm    .     a - +0 robe
rNeg   . . .     Faith    .     (no shield)
rPois  .         Spirit   .     (helmet restricted)
rElec  .         Dismiss  .     (no cloak)
rCorr  .         Reflect  .     (gloves unavailable)
SustAt .         Harm     .     (boots unavailable)
MR     .....                    (no amulet)
Stlth  +.........               (no ring)
                                (no ring)

@: repel missiles, not resistant to hostile enchantments, very unstealthy
A: unfitting armour, tough skin 1
a: no special abilities


You were on level 3 of the Dungeon.
You were hungry.

You visited 1 branch of the dungeon, and saw 3 of its levels.

You collected 80 gold pieces.

Inventory:

Hand Weapons
 d - a +0 club
 t - a +4 war axe
 w - a +0 hunting sling (weapon)
Missiles
 g - 16 sling bullets (quivered)
 i - 33 arrows
 j - 69 stones
 m - 15 poisoned needles
Armour
 a - a +0 robe (worn)
Scrolls
 e - a scroll of enchant armour {unknown}
 f - 7 scrolls of identify {unknown}
 l - 2 scrolls of immolation {unknown}
 n - a scroll of random uselessness {unknown}
 o - a scroll of noise {unknown}
 u - a scroll of fog {unknown}
Potions
 h - 2 potions of might {unknown}
 k - 2 potions of curing {unknown}
 q - a potion of heal wounds {unknown}
 s - a potion of brilliance {unknown}
Books
 b - a book of Air

   Spells                             Type                      Level
   a - Shock                          Conjuration/Air              1
   b - Swiftness                      Charms/Air                   2
   c - Repel Missiles                 Charms/Air                   2
   d - Static Discharge               Conjuration/Air              3
   e - Lightning Bolt                 Conjuration/Air              5
Comestibles
 c - 3 bread rations
 p - a chunk of flesh
 r - 2 beef jerkies


   Skills:
 - Level 1.7 Dodging
 - Level 1.5 Stealth
 * Level 3.8 Spellcasting
 - Level 0.6 Conjurations
 * Level 3.0 Air Magic


You had 2 spell levels left.
You knew the following spells:

 Your Spells              Type           Power        Failure   Level  Hunger
a - Shock                 Conj/Air       #...         12%         1    None
b - Repel Missiles        Chrm/Air       #.....       17%         2    ##.....
c - Static Discharge      Conj/Air       #.......     30%         3    ###....
d - Swiftness             Chrm/Air       #.......     17%         2    ##.....


Dungeon Overview and Level Annotations

Branches:
Dungeon (3/15)

Altars:
Nemelex Xobeh

Annotations:
D:3 Rayvis's ghost, amateur FoFi


Innate Abilities, Weirdness & Mutations

You are too large for most types of armour.
You have tough skin (AC +1).


Message History

Aiming: Shock
Press: ? - help, Shift-Dir - straight line, f - hobgoblin, p - Rayvis's ghost
Aim: a hobgoblin The zap hits the kobold.
The kobold is severely wounded.
The zap hits Rayvis's ghost.
Rayvis's ghost appears unharmed.
The zap hits the hobgoblin.
The hobgoblin is moderately wounded.
The kobold barely misses you.
Casting: Shock
Confirm with . or Enter, or press ? or * to list all spells.
Rayvis's ghost is struck by lightning.
Rayvis's ghost is lightly damaged.
The lightning grounds out.
You are feeling hungry.
Rayvis's ghost hits you!! The kobold barely misses you.
Rayvis's ghost hits you!
* * * LOW HITPOINT WARNING * * *
The kobold hits you with a short sword.
You die...

#....._.....#
#.#.......###
#.##.....##
##.###...##
#....##.##
#.####..#
#.####.###
########
#.##.....#
#......#
#.##@#.#.#
##.####.##
#...KW.#.#
#......g.W
##.#.#.# #
#..#.#..##
#.#g#.#
###..#.#..##
#.#.#.#
.........#.
#.#.#.#
##.####g##.
#.....#
#.......##.
###รท###
#......###.
#.#
#......###.


You could see Rayvis's ghost, a hobgoblin and a kobold.

Vanquished Creatures
  2 adders
  A dart slug (D:1)
  4 giant geckos
  3 bats (D:1)
  4 giant cockroaches
  9 goblins
  8 hobgoblins
  5 kobolds
  2 giant newts (D:2)
  4 rats
42 creatures vanquished.

Notes
Turn   | Place    | Note
--------------------------------------------------------------
     0 | D:1      | Chiseanne the Ogre Air Elementalist began the quest for the Orb.
     0 | D:1      | Reached XP level 1. HP: 16/16 MP: 3/3
   252 | D:1      | Reached XP level 2. HP: 23/24 MP: 5/5
   669 | D:1      | Reached XP level 3. HP: 31/31 MP: 3/7
  1011 | D:1      | Learned a level 2 spell: Repel Missiles
  1035 | D:1      | Learned a level 3 spell: Static Discharge
  1038 | D:1      | Learned a level 2 spell: Swiftness
  2042 | D:2      | Reached XP level 4. HP: 24/39 MP: 6/9
  2439 | D:3      | Found a sparkling altar of Nemelex Xobeh.
  2499 | D:3      | Noticed Rayvis's ghost (amateur FoFi)
  2621 | D:3      | Slain by a kobold

Skill      XL: |  1  2  3  4 |
---------------+-------------+-----
Spellcasting   | 3 |  3.8
Air Magic      | 3 |  3.0
Dodging        | |  1.7
Stealth        | |  1.5
Conjurations   | |  0.6

Action                   |  1- 3 |  4- 6 || total
-------------------------+-------+-------++-------
 Fire: Hunting sling     |    32 |       ||    32
 Cast: Shock             |    84 |    17 ||   101
       Repel Missiles    |     1 |       ||     1
       Static Discharge  |       |     1 ||     1
  Eat: Chunk             |     4 |     1 ||     5
Armor: Robe              |     9 |     2 ||    11
Dodge: Dodged            |    25 |     7 ||    32
